 Dungeon Crawl Stone Soup version 0.25.1-2-g60ff931df9 (webtiles) character file.

Game seed: 5414170937895802857

16916 Sylvandel the Cleaver (level 12, -10/112 HPs)
             Began as a Deep Dwarf Fighter on Nov 24, 2020.
             Was a High Priest of Makhleb.
             Engulfed by Fannar's freezing vapour (15 damage)
             ... on level 1 of the Lair of Beasts.
             The game lasted 00:21:01 (9308 turns).

Sylvandel the Cleaver (Deep Dwarf Fighter)          Turns: 9308, Time: 00:21:02

Health: -10/112    AC: 20    Str: 25    XL:     12   Next: 14%
Magic:  8/8        EV:  6    Int: 12    God:    Makhleb [*****.]
Gold:   363        SH: 13    Dex: 12    Spells: 11/11 levels left

rFire    . . .     SeeInvis +   a - +1 war axe (drain)
rCold    . . .     Gourm    .   c - +1 kite shield
rNeg     . . .     Faith    .   p - +0 plate armour
rPois    .         Spirit   .   B - +0 helmet {Int+3}
rElec    .         Reflect  .   m - +0 cloak
rCorr    .         Harm     .   w - +0 pair of gloves
MR       ++...                  v - +0 pair of boots
Stlth    ..........             (no amulet)
HPRegen  0.00/turn              u - ring of protection from magic
MPRegen  0.11/turn              i - ring of see invisible

@: mighty, non-regenerating, very slow
A: damage resistance, heal wounds, sense surroundings 2, no regeneration
a: Heal Wounds, Minor Destruction, Lesser Servant of Makhleb, Major Destruction,
Greater Servant of Makhleb, Renounce Religion


You were on level 1 of the Lair of Beasts.
You worshipped Makhleb.
Makhleb was extremely pleased with you.
You were not hungry.

You visited 2 branches of the dungeon, and saw 13 of its levels.

You collected 698 gold pieces.
You spent 335 gold pieces at shops.

Inventory:

Hand Weapons
 a - a +1 war axe of draining (weapon)
 b - the +3 sling "Punk" {acid, rCorr}
   (You found it on level 8 of the Dungeon)

   It provides partial protection from all sources of acid and corrosion.
Missiles
 d - 6 atropa-tipped darts
 j - 55 poisoned darts
 o - 2 curare-tipped darts
 t - 2 throwing nets (quivered)
 y - 35 sling bullets
Armour
 c - a +1 kite shield (worn)
 m - a +0 cloak (worn)
 p - a +0 plate armour (worn)
 v - a +0 pair of boots (worn)
 w - a +0 pair of gloves (worn)
 B - a +0 helmet of intelligence (worn)
Jewellery
 e - an uncursed ring of positive energy
 i - a ring of see invisible (right hand)
 u - a ring of protection from magic (left hand)
 H - a +4 ring of slaying {unknown}
 P - an uncursed ring of protection from fire {unknown}
Wands
 x - a wand of polymorph (4)
 A - a wand of random effects (20)
 E - a wand of digging (5)
 F - a wand of flame (13)
 L - a wand of iceblast (13)
 N - a wand of enslavement (8)
Scrolls
 g - 2 scrolls of magic mapping
 h - 8 scrolls of remove curse
 l - 10 scrolls of teleportation
 r - 2 scrolls of amnesia
 s - 4 scrolls of identify
 G - a scroll of fog
 J - a scroll of acquirement {unknown}
 M - a scroll of enchant armour
Potions
 k - 3 potions of stabbing
 n - a potion of heal wounds
 q - 2 potions of ambrosia
 z - a potion of flight
 C - a potion of lignification
 K - a potion of invisibility {unknown}
 O - a potion of haste {unknown}
Comestibles
 f - 25 rations


   Skills:
 + Level 8.8 Fighting
 * Level 13.6 Axes
 - Level 10.0 Armour
 + Level 10.4 Shields
 + Level 2.1 Invocations


You had 11 spell levels left.
You didn't know any spells.
Your spell library contained the following spells:

 Spells                   Type           Power        Failure   Level  Hunger
 Corona                   Hex            #......      99%         1    ##.....
 Freeze                   Ice            #...         99%         1    ##.....
 Infusion                 Chrm           #...         99%         1    ##.....
 Sandblast                Erth           #.....       99%         1    ##.....
 Ensorcelled Hibernation  Hex/Ice        #.....       100%        2    ###....
 Shroud of Golubria       Chrm/Tloc      #.....       100%        2    ###....
 Song of Slaying          Chrm           #.......     100%        2    ###....
 Confusing Touch          Hex            #.......     100%        3    ####...
 Dazzling Flash           Conj/Hex       #.....       100%        3    ####...
 Frozen Ramparts          Ice            #.....       100%        3    ####...
 Gell's Gravitas          Tloc           #.........   100%        3    ####...
 Ignite Poison            Fire/Tmut/Pois #.......     100%        3    ####...
 Mephitic Cloud           Conj/Pois/Air  #.......     100%        3    ####...
 Ozocubu's Armour         Chrm/Ice       #.......     100%        3    ####...
 Spectral Weapon          Hex/Chrm       #.......     100%        3    ####...
 Tukima's Dance           Hex            #.......     100%        3    ####...
 Hailstorm                Conj/Ice       #.......     100%        4    #####..
 Petrify                  Tmut/Erth      #.......     100%        4    #####..
 Summon Ice Beast         Ice/Summ       #.......     100%        4    #####..
 Metabolic Englaciation   Hex/Ice        #.........   100%        5    ######.
 Yara's Violent Unravell  Hex/Tmut       #.........   100%        5    ######.


Dungeon Overview and Level Annotations

Branches:
Dungeon (12/15)            Temple (0/1) D:5            Lair (1/6) D:9
    Orc (0/2) D:9

Altars:
Cheibriados
Dithmenos
Gozag
Hepliaklqana
Makhleb
Okawaru
Ru
Uskayaw
Vehumet
Xom
Zin
The Shining One

Shops:
D:8 =?   D:9 *

Annotations:
D:2 1 runed translucent door, Crazy Yiuf
D:8 5 transporters
Lair:1 3 runed translucent doors, Fannar; SamuraiZach's ghost, novice MiFi


Innate Abilities, Weirdness & Mutations

You are resistant to damage.
You can heal yourself by infusing magical energy.
You passively map the area around you.
You do not regenerate.


Message History

Unknown command.
You miss Fannar.
Fannar is moderately wounded.
You miss the water moccasin. You closely miss the adder.
The water moccasin barely misses you. Fannar gestures at you while chanting.
The bolt of cold hits you!!
* * * LOW HITPOINT WARNING * * *
The bolt of cold hits the adder!!
The adder dies!
The water moccasin closely misses you.
You hit Fannar. You drain Fannar.
Fannar is moderately wounded.
You hit the water moccasin.
You are engulfed in freezing vapours.
* * * LOW HITPOINT WARNING * * *
You block the water moccasin's attack. You block Fannar's attack.
You miss Fannar.
Fannar is moderately wounded.
You completely miss the water moccasin.
You are engulfed in freezing vapours.
You die...

#....###...≈≈≈..#..#..##.####.#
#....# ##≈≈≈≈#....##..........#
#....# #######..###....###.#P#
# #....# #..# #..#.# #.###
#####.## ####.###..#.###..#
.......# * ##≈≈####..##..##.##
##.....# ..###°≈≈≈.....#..###.#
#...#.##*...≈≈≈°S≈≈≈≈≈≈#..# #.#
##.#...# ...≈≈#@####≈≈#.## #.#
##..#.## ..##*#≈eS###≈#.# ##.#
...##.# * #.#S.##≈..###..##
#.###.# ###Y###≈#..###..## ###
#.# # ##..#####..# .# #.# * ,*
##.#.# #.## .# #.# **≈ * #..##
#.# .####.#* , ≈ ##.## #.#
.#.##.# ,,* #..# #.##


You could see Fannar (icy armour, drained), a water moccasin, an ice beast
(summoned) and 2 adders.

Vanquished Creatures
  Harold (D:11)
  A centaur warrior (D:9)
  2 two-headed ogres
  Nergalle (Lair:1)
  2 oklob plants (Lair:1)
  Psyche (D:8)
  A spiny frog (Lair:1)
  2 kobold demonologists (D:10)
  2 trolls
  4 hornets
  3 hippogriffs
  Sigmund (D:3)
  8 yaks (D:11)
  A wraith (D:11)
  2 wyverns
  A hungry ghost (D:8)
  2 soldier ants
  12 water moccasins (Lair:1)
  2 porcupines (Lair:1)
  An ice beast (D:7)
  2 orc warriors
  A phantom (D:4)
  4 sky beasts
  A black bear (Lair:1)
  6 ogres
  12 centaurs
  5 wolves
  3 crocodiles (Lair:1)
  2 big kobolds (D:10)
  13 bullfrogs
  A wyvern skeleton (D:11)
  2 scorpions
  11 wights
  4 killer bees (D:9)
  5 howler monkeys (D:10)
  3 crimson imps
  4 bullfrog zombies
  A quasit (D:11)
  A jelly (D:6)
  A centaur zombie (D:9)
  9 hounds
  2 bullfrog skeletons
  2 centaur skeletons
  5 orc wizards
  Ijyb (D:3)
  2 orc priests
  Jessica (D:3)
  An iguana (D:7)
  9 worker ants
  A hound skeleton (D:6)
  A howler monkey skeleton (D:7)
  25 adders
  3 shadow imps
  3 oozes
  5 worms
  4 dart slugs
  3 leopard geckos
  30 orcs
  5 giant cockroaches
  4 hobgoblins
  9 jackals
  10 kobolds
  4 quokkas
  2 ball pythons
  4 bats
  8 frilled lizards
  9 goblins
  A quokka skeleton (D:6)
  6 rats
  2 fungi (D:6)
  3 plants (Lair:1)
306 creatures vanquished.

Vanquished Creatures (others)
  An adder (Lair:1)
  A goblin (D:2)
  4 toadstools (D:6)
6 creatures vanquished.

Grand Total: 312 creatures vanquished

Notes
Turn   | Place    | Note
-------+----------+-------------------------------------------
     0 | D:1      | Sylvandel the Deep Dwarf Fighter began the quest for the
                  | Orb.
     0 | D:1      | Reached XP level 1. HP: 20/20 MP: 1/1
   137 | D:1      | Reached XP level 2. HP: 25/27 MP: 2/2
   460 | D:2      | Reached skill level 3 in Axes
   472 | D:2      | Reached XP level 3. HP: 27/34 MP: 3/3
   481 | D:2      | Found a radiant altar of Vehumet.
   657 | D:2      | Found a glowing golden altar of the Shining One.
   679 | D:2      | Found a runed translucent door.
   680 | D:2      | Noticed Crazy Yiuf
   753 | D:2      | Found a shimmering altar of Xom.
  1189 | D:2      | Reached XP level 4. HP: 41/42 MP: 3/3
  1421 | D:3      | Noticed Ijyb
  1432 | D:3      | Paralysed by Ijyb for 5 turns
  1446 | D:3      | Paralysed by Ijyb for 5 turns
  1451 | D:3      | Killed Ijyb
  1467 | D:3      | Noticed Jessica
  1473 | D:3      | Killed Jessica
  1511 | D:3      | Reached skill level 4 in Axes
  1511 | D:3      | Reached XP level 5. HP: 25/49 MP: 4/4
  1624 | D:3      | Found a sacrificial altar of Ru.
  1762 | D:3      | Found an iron altar of Okawaru.
  1912 | D:3      | Noticed Sigmund
  1935 | D:3      | Reached XP level 6. HP: 44/56 MP: 5/5
  1953 | D:3      | Killed Sigmund
  1953 | D:3      | Reached skill level 5 in Axes
  2182 | D:4      | Found a burning altar of Makhleb.
  2191 | D:4      | Became a worshipper of Makhleb the Destroyer
  2264 | D:4      | Reached XP level 7. HP: 43/64 MP: 6/6
  2434 | D:4      | You fall into a shaft and drop 3 floors!
  2494 | D:5      | Entered Level 5 of the Dungeon
  2510 | D:4      | Reached skill level 5 in Armour
  2543 | D:4      | Reached skill level 5 in Shields
  2740 | D:4      | Reached skill level 6 in Axes
  3056 | D:5      | Found a staircase to the Ecumenical Temple.
  3244 | D:5      | Reached XP level 8. HP: 52/73 MP: 6/6
  3362 | D:5      | Found an opulent altar of Gozag.
  3747 | D:6      | Reached skill level 7 in Axes
  3773 | D:6      | Reached * piety under Makhleb
  3947 | D:6      | Found a glowing silver altar of Zin.
  3948 | D:6      | Noticed an angel
  4173 | D:7      | Reached skill level 5 in Fighting
  4342 | D:7      | Reached skill level 8 in Axes
  4483 | D:7      | Noticed a hippogriff
  4492 | D:7      | Killed a hippogriff
  4492 | D:7      | Gained mutation: You passively map the area around you.
                  | [Deep Dwarf growth]
  4492 | D:7      | Reached XP level 9. HP: 50/81 MP: 6/6
  4520 | D:7      | Reached ** piety under Makhleb
  4939 | D:8      | Reached skill level 9 in Axes
  4962 | D:8      | Found a hazy altar of Hepliaklqana.
  5027 | D:8      | Paralysed by a hornet for 2 turns
  5055 | D:8      | Paralysed by a hornet for 1 turns
  5089 | D:7      | Paralysed by a hornet for 1 turns
  5101 | D:7      | Paralysed by a hornet for 1 turns
  5131 | D:7      | Paralysed by a hornet for 1 turns
  5198 | D:8      | Reached skill level 10 in Axes
  5262 | D:8      | Found Deuth's Jewellery Shop.
  5352 | D:8      | Found Losubink's Magic Scroll Shoppe.
  5355 | D:8      | Bought a scroll of magic mapping for 35 gold pieces
  5355 | D:8      | Bought a scroll of teleportation for 30 gold pieces
  5355 | D:8      | Bought a scroll of teleportation for 30 gold pieces
  5355 | D:8      | Bought a scroll of brand weapon for 200 gold pieces
  5355 | D:8      | Bought a scroll of identify for 20 gold pieces
  5355 | D:8      | Bought a scroll of identify for 20 gold pieces
  5369 | D:8      | Found a transporter.
  5369 | D:8      | Noticed a two-headed ogre
  5371 | D:8      | Noticed Psyche
  5388 | D:8      | Found a transporter.
  5465 | D:7      | Killed a two-headed ogre
  5465 | D:7      | Reached XP level 10. HP: 38/92 MP: 7/7
  5481 | D:8      | Killed Psyche
  5652 | D:8      | Found a transporter.
  5654 | D:8      | Found a transporter.
  5699 | D:8      | Found a transporter.
  5857 | D:8      | Found the +3 sling "Punk" {acid, rCorr}
  6451 | D:9      | Reached *** piety under Makhleb
  6487 | D:9      | Found a staircase to the Lair.
  6492 | D:9      | Reached skill level 11 in Axes
  6603 | D:9      | Found a staircase to the Orcish Mines.
  6666 | D:9      | Found Fepsehap's General Store.
  6677 | D:9      | Noticed a centaur warrior
  6702 | D:9      | Killed a centaur warrior
  6837 | D:9      | Found a hide-covered altar of Uskayaw.
  6841 | D:9      | Noticed a +0 hand axe
  6842 | D:9      | Noticed a +0 hand axe
  6875 | D:9      | Found a snail-covered altar of Cheibriados.
  7003 | D:10     | Entered Level 10 of the Dungeon
  7183 | D:10     | Noticed an orange demon
  7206 | D:10     | Noticed a sixfirhy
  7218 | D:10     | Reached XP level 11. HP: 84/100 MP: 6/6
  7365 | D:10     | Found a shadowy altar of Dithmenos.
  7444 | D:10     | Reached skill level 12 in Axes
  7458 | D:10     | Noticed a two-headed ogre
  7472 | D:10     | Killed a two-headed ogre
  7860 | D:11     | Reached **** piety under Makhleb
  7919 | D:11     | Noticed Harold
  7940 | D:11     | Killed Harold
  8103 | D:11     | Identified Ymeaxar's Collected Works on Earthen Envenoming
  8364 | Lair:1   | Entered Level 1 of the Lair of Beasts
  8455 | Lair:1   | Reached skill level 13 in Axes
  8469 | Lair:1   | Reached skill level 10 in Shields
  8481 | Lair:1   | Reached skill level 10 in Armour
  8541 | Lair:1   | Reached ***** piety under Makhleb
  8777 | Lair:1   | Found a runed translucent gate.
  8778 | Lair:1   | Found a runed translucent gate.
  8779 | Lair:1   | Found a runed translucent gate.
  8786 | Lair:1   | Noticed SamuraiZach's ghost (novice MiFi)
  8830 | Lair:1   | Noticed Nergalle
  8852 | Lair:1   | Killed Nergalle
  8852 | Lair:1   | Reached skill level 1 in Invocations
  8852 | Lair:1   | Reached XP level 12. HP: 112/112 MP: 7/7
  8979 | Lair:1   | Found the +8 Wrath of Trog {antimagic, *Rage}
  9291 | Lair:1   | Noticed Fannar
  9307 | Lair:1   | HP: 5/112 [Fannar] (16)]
  9308 | Lair:1   | Engulfed by Fannar's freezing vapour

Illustrated notes

Levels and vault maps discovered:
D:1:      dpeg_arrival_boxorama, layout_basic
D:2:      layout_basic, fiery_altar_vehumet, nicolae_overflow_hidden_temple,
          minivault_23, uniq_crazy_yiuf_cottage
D:3:      layout_basic, nicolae_ru_path_of_blood, lemuel_round_altar,
          minmay_unequal, uniq_sigmund, uniq_ijyb, uniq_jessica
D:4:      layout_rooms, overflow_temple_1_default
D:5:      wad_lake_hut, layout_rooms, old_standard_altar,
          minmay_temple_entry_sparse_star, first_ration, guppyfry_early_orc_mine
D:6:      layout_gridville, zin_angel, chequers_big_river,
          minmay_gold_behind_fungi
D:7:      layout_loops_ring
D:8:      gammafunk_the_bubble [the_bubble_gammafunk_roulette], layout_basic,
          old_standard_altar, serial_shops, nicolae_shop_behind_doors,
          nicolae_shop_stone, grunt_ministairs_9, minmay_misc_feat_room,
          hangedman_pestilent_swarm, kennysheep_path_1, minmay_manual_mares,
          uniq_psyche
D:9:      layout_basic, cheibriados_altar_1, dancing_weapons_uskayaw,
          erik_lair_island, orc_0_dummy, serial_shops,
          nicolae_shop_temple_entry_statues_fountains
D:10:     layout_rooms, grunt_dithmenos_smoke_and_mirrors
D:11:     layout_roguey, uniq_harold
D:12:     kennysheep_snake, layout_loops_corners, portal_ice_cave_rime
Lair:1:   lemuel_reptile_caves, layout_loops_ring, gammafunk_ghost_split,
          serial_bayou_pond_e, minmay_lair_oklob_chamber, lemuel_fruit_fields,
          uniq_fannar, uniq_nergalle

Skill      XL: |  1  2  3  4  5  6  7  8  9 10 11 12 |
---------------+-------------------------------------+-----
Axes           | 3 4 5 6 8 10 11 13 | 13.6
Fighting       | 3 4 5 6 7 8 |  8.8
Armour         | 4 5 6 8 9 10 | 10.0
Shields        | 4 5 6 8 9 10 | 10.4
Invocations    | 1 2 |  2.1

Action                   |  1- 3 |  4- 6 |  7- 9 | 10-12 || total
-------------------------+-------+-------+-------+-------++-------
Melee: War axe           |   129 |   154 |   433 |   632 ||  1348
 Fire: Fustibalus        |       |       |       |     5 ||     5
 Abil: Heal Wounds       |     2 |     2 |    15 |     9 ||    28
Evoke: Wand              |       |       |     2 |       ||     2
  Use: Scroll            |     3 |       |    13 |     3 ||    19
       Potion            |       |     1 |     1 |     1 ||     3
  Eat: Chunk             |     1 |     4 |    19 |    14 ||    38
Armor: Scale mail        |    66 |    59 |       |       ||   125
       Plate armour      |       |    16 |   229 |   313 ||   558
Dodge: Dodged            |    49 |    50 |    62 |   127 ||   288
Block: Kite shield       |    84 |   102 |   317 |   407 ||   910
